 Dungeon Crawl Stone Soup version 0.22.1-1-ga44c0e5 (webtiles) character file.

159 Fang the Skirmisher (level 5, -1/33 HPs)
             Began as a Gargoyle Berserker on Oct 5, 2018.
             Was a Believer of Trog.
             Slain by a gnoll
             ... wielding a +0 spear
              (4 damage)
             ... on level 3 of the Dungeon.
             The game lasted 00:01:31 (1597 turns).

Fang the Skirmisher (Gargoyle Berserker)            Turns: 1597, Time: 00:01:31

Health: -1/33      AC:  6    Str: 22    XL:     5   Next: 40%
Magic:  5/5        EV: 12    Int:  7    God:    Trog [**....]
Gold:   91         SH:  0    Dex:  9    Spells: 4/4 levels left

rFire    . . .     SeeInvis .   a - +0 hand axe
rCold    . . .     Gourm    .   (no shield)
rNeg     + . .     Faith    .   b - +0 animal skin
rPois    ∞         Spirit   .   (no helmet)
rElec    +         Reflect  .   (no cloak)
rCorr    .         Harm     .   (no gloves)
MR       .....                  (no boots)
Stlth    +.........             (no amulet)
HPRegen  0.11/turn              (no ring)
MPRegen  0.09/turn              (no ring)

@: berserk cooldown, slowed, very slow
A: negative energy resistance 1, electricity resistance, unbreathing,
petrification resistance, rot immunity, AC +4
a: Berserk, Trog's Hand, Renounce Religion


You were on level 3 of the Dungeon.
You worshipped Trog.
Trog was pleased with you.
You were near starving.

You visited 1 branch of the dungeon, and saw 3 of its levels.

You collected 91 gold pieces.

Inventory:

Hand Weapons
 a - a +0 hand axe (weapon)
Armour
 b - a +0 animal skin (worn)
Scrolls
 e - a scroll of immolation {unknown}
 i - a scroll of amnesia {unknown}
 k - a scroll of teleportation {unknown}
 l - 3 scrolls of identify {unknown}
Potions
 d - a potion of heal wounds {unknown}
 f - a potion of flight {unknown}
 g - a potion of degeneration {unknown}
 h - a potion of mutation {unknown}
 m - a potion of lignification {unknown}
Comestibles
 c - 5 rations


   Skills:
 + Level 4.1 Fighting
 + Level 4.1 Axes
 + Level 2.2 Armour
 + Level 2.5 Dodging
 + Level 1.3 Stealth


You had 4 spell levels left.
You didn't know any spells.
Your spell library was empty.

Dungeon Overview and Level Annotations

Branches:
Dungeon (3/15)

Altars:
Elyvilon


Innate Abilities, Weirdness & Mutations

You are resistant to torment.
Your stone body is resilient. (AC +4)
You are immune to poison.
You resist negative energy. (rN+)
You are resistant to electric shocks. (rElec)
You can survive without breathing.
You are immune to petrification.
You are immune to rotting.


Message History

* * * LOW HITPOINT WARNING * * *
Items here: ) [[ † a trident; a ring mail; a shield; a gnoll corpse You barely miss the gnoll.
The gnoll is almost dead.
The gnoll closely misses you. The gnoll barely misses you.
Unknown command.
You hit the gnoll.
You kill the gnoll!
Trog accepts your kill. The gnoll misses you.
Unknown command.
Things that are here:
a halberd; a gnoll corpse You feel a strong urge to attack something.
You are no longer berserk.
You are exhausted.
You feel yourself slow down.
The gnoll hits you from afar with a spear.
You die...

##+##
##.$.##
##.....##
##....g)<##
#.......))#
+.....@)).+
#.........#
##.......##
##.....##
##...##
##+##


You could see a gnoll.

Vanquished Creatures
  A gnoll sergeant (D:3)
  4 gnolls (D:3)
  2 worms (D:2)
  2 dart slugs
  A leopard gecko (D:2)
  An orc (D:2)
  5 ball pythons
  2 giant cockroaches (D:1)
  5 goblins
  4 hobgoblins
  4 jackals (D:1)
  6 bats
  3 frilled lizards
  5 kobolds
  7 rats
52 creatures vanquished.

Vanquished Creatures (others)
  A quokka (D:2)
1 creature vanquished.

Grand Total: 53 creatures vanquished

Notes
Turn   | Place    | Note
-------+----------+-------------------------------------------
     0 | D:1      | Fang the Gargoyle Berserker began the quest for the Orb.
     0 | D:1      | Reached XP level 1. HP: 14/14 MP: 1/1
   157 | D:1      | Reached XP level 2. HP: 12/19 MP: 2/2
   656 | D:1      | Reached XP level 3. HP: 18/24 MP: 3/3
   783 | D:1      | Reached ** piety under Trog
  1281 | D:2      | Found a white marble altar of Elyvilon.
  1360 | D:2      | Reached XP level 4. HP: 18/29 MP: 4/4
  1582 | D:3      | Noticed a gnoll sergeant
  1585 | D:3      | Reached skill level 1 in Stealth
  1592 | D:3      | Killed a gnoll sergeant
  1592 | D:3      | Reached XP level 5. HP: 17/33 MP: 5/5
  1597 | D:3      | Slain by a gnoll

Skill      XL: |  1  2  3  4 |
---------------+-------------+-----
Axes           | 3 4 |  4.1
Dodging        | 2 |  2.5
Stealth        | 1 |  1.3
Fighting       | 4 |  4.1
Armour         | |  2.2

Action                   |  1- 3 |  4- 6 || total
-------------------------+-------+-------++-------
Melee: Hand axe          |   119 |    14 ||   133
Invok: Berserk           |     2 |     1 ||     3
 Stab: Sleeping          |     2 |       ||     2
  Eat: Chunk             |     3 |       ||     3
Armor: Animal skin       |    46 |     3 ||    49
Dodge: Dodged            |    94 |    20 ||   114
